 Dungeon Crawl Stone Soup version 0.26-a0-639-g72c4674329 (webtiles) character file.

Game seed: 5821267480053517430

4585 Apogee the Thaumaturge (level 10, -1/84 HPs)
             Began as a Deep Elf Fire Elementalist on Sept 18, 2020.
             Was a Believer of Vehumet.
             Slain by a wraith (3 damage)
             ... on level 8 of the Dungeon.
             The game lasted 00:18:24 (12295 turns).

Apogee the Thaumaturge (DEFE)                      Turns: 12295, Time: 00:18:25

Health: -1/84      AC: 29    Str:  6    XL:     10   Next: 18%
Magic:  10/26      EV:  2    Int: 23    God:    Vehumet [**....]
Gold:   307        SH:  0    Dex: 15    Spells: 18/30 levels left

rFire    . . .     SeeInvis .   M - +1 dagger (elec)
rCold    . . .     Faith    .   (no shield)
rNeg     + + +     Spirit   .   (armour currently unavailable)
rPois    +         Reflect  .   (helmet currently unavailable)
rElec    .         Harm     .   (cloak currently unavailable)
rCorr    .         Rampage  .   (gloves currently unavailable)
MR       +....     NoTele   +   (boots currently unavailable)
Stlth    ++........             (no amulet)
HPRegen  0.24/turn              s - +4 ring of protection
MPRegen  0.20/turn              C - ring of flight

@: tree-form, slowed, very slow
A: no striking features
a: Renounce Religion


You were on level 8 of the Dungeon.
You worshipped Vehumet.
Vehumet was pleased with you.
You were a tree.
You visited 2 branches of the dungeon, and saw 10 of its levels.

You collected 530 gold pieces.
You spent 223 gold pieces at shops.

Inventory:

Hand Weapons
 c - a +0 short sword
   (You took it off a kobold on level 1 of the Dungeon)
 r - a +2 dagger of draining
   (You took it off a kobold on level 2 of the Dungeon)
 M - a +1 dagger of electrocution (weapon)
   (You took it off an orc wizard on level 7 of the Dungeon)
Missiles
 f - 214 stones (quivered)
Armour
 a - a +0 robe (melded)
 g - a +2 pair of boots (melded)
   (You found it on level 1 of the Dungeon)
 w - a +0 cloak (melded)
   (You found it on level 3 of the Dungeon)
 z - a +0 kite shield
   (You found it on level 4 of the Dungeon)
 E - the -5 helmet "Roor" (melded) {+Inv Int+3}
   (You bought it in a shop on level 5 of the Dungeon)

   It affects your intelligence (+3).
   It lets you turn invisible.
 Q - a +2 pair of gloves of archery (melded)
   (You found it on level 8 of the Dungeon)
Jewellery
 p - a +4 ring of slaying
   (You found it on level 2 of the Dungeon)
 s - a +4 ring of protection (left branch)
   (You found it on level 3 of the Dungeon)
 C - a ring of flight (right branch)
   (You found it on level 5 of the Dungeon)
 H - an uncursed amulet of magic regeneration {unknown}
   (You found it on level 6 of the Dungeon)
 J - the ring "Koenedgh Ygea" {rPois Dex+8 Stlth+, unknown}
   (You found it on level 6 of the Dungeon)

   [ring of stealth]

   It affects your dexterity (+8).
   It protects you from poison.
   It makes you more stealthy.
 L - an uncursed ring of wizardry {unknown}
   (You found it on level 7 of the Dungeon)
 N - an uncursed ring of resist corrosion
   (You found it on level 3 of the Dungeon)
Wands
 u - a wand of paralysis (12)
   (You found it on level 8 of the Dungeon)
 y - a wand of enslavement (9)
   (You found it on level 4 of the Dungeon)
Scrolls
 b - 4 scrolls of enchant weapon
 d - 3 scrolls of blinking
 e - 2 scrolls of immolation {unknown}
 h - 3 scrolls of noise {!r}
 i - 2 scrolls of enchant armour
 k - a scroll of magic mapping {unknown}
 o - 2 scrolls of fog
 q - 6 scrolls of teleportation {@r4}
 A - 3 scrolls of fear {unknown}
 B - 3 scrolls of remove curse {@r2}
 G - a scroll of acquirement {unknown}
 S - a scroll of identify {@r1}
Potions
 j - 4 potions of resistance
 l - 2 potions of flight {unknown}
 m - 2 potions of mutation {unknown}
 n - a potion of stabbing {unknown}
 t - a potion of berserk rage {unknown}
 v - 2 potions of degeneration {unknown}
 x - 2 potions of lignification {!q}
 D - a potion of heal wounds {unknown}
 F - 2 potions of curing {unknown}
 I - a potion of cancellation {unknown}
 K - a potion of haste {unknown}
 O - a potion of brilliance {unknown}
 P - a potion of might {unknown}
Miscellaneous
 R - a condenser vane (2/2)
   (You found it on level 9 of the Dungeon)


   Skills:
 + Level 3.6 Fighting
 - Level 2.4 Dodging
 - Level 2.4 Stealth
 + Level 10.6 Spellcasting
 + Level 8.7 Conjurations
 + Level 9.3 Fire Magic
 - Level 4.0 Evocations


You had 18 spell levels left.
You knew the following spells:

 Your Spells              Type           Power        Failure   Level
a - Foxfire               Conj/Fire      ####         1%          1
b - Summon Small Mammal   Summ           ##..         5%          1
c - Apportation           Tloc           ##....       5%          1
q - Sticky Flame          Conj/Fire      ######..     1%          4
x - Fireball              Conj/Fire      ######....   3%          5

Your spell library contained the following spells:

 Spells                   Type           Power        Failure   Level
 Sandblast                Erth           ##....       5%          1
 Conjure Flame            Conj/Fire      ######..     1%          3
 Inner Flame              Hex/Fire       ####....     2%          3
 Animate Skeleton         Necr           ##....       5%          1
 Corona                   Hex            ##.....      5%          1


Dungeon Overview and Level Annotations

Branches:
Dungeon (9/15)             Temple (1/1) D:7             Orc (0/2) D:9
   Lair: D:8-11

Altars:
Ashenzari
Dithmenos
Elyvilon
Fedhas
Gozag
Kikubaaqudgha
Makhleb
Nemelex Xobeh
Okawaru
Qazlal
Ru
Sif Muna
Trog
Uskayaw
Vehumet
Wu Jian
Xom
Yredelemnul
Zin
The Shining One

Shops:
D:5 *

Annotations:
D:7 3 runed translucent doors, melvinkitnick's ghost, novice SpAE


Message History

Aim: a wraith (lightly damaged)
The sticky flame hits the wraith!
The wraith hits you! The wraith drains your vigour!
You feel yourself slow down.
Aim: a wraith (moderately damaged)
The sticky flame hits the wraith but does no damage.
The wraith hits you! The wraith drains your vigour!
You feel as though you will be slow longer.
The wraith misses you.
Unknown command.
Aim: a wraith (moderately damaged)
The sticky flame hits the wraith but does no damage.
The wraith hits you!
Unknown command.
Unknown command.
Aim: a wraith (moderately damaged, chance to defeat MR: 24%)
The wraith resists with almost no effort.
The wraith hits you. The wraith drains your vigour!
You feel as though you will be slow longer.
The wraith hits you.
* * * LOW HITPOINT WARNING * * *
The wraith drains your vigour!
You feel as though you will be slow longer.
Okay, then.
Aim: a wraith (moderately damaged)
The sticky flame hits the wraith.
The wraith hits you!
* * * LOW HITPOINT WARNING * * *
The wraith hits you.
* * * LOW HITPOINT WARNING * * *
The wraith misses you. The wraith hits you!
* * * LOW HITPOINT WARNING * * *
The wraith drains your vigour!
You feel as though you will be slow longer.
There is an escape hatch in the ceiling here.
Unknown command.
Okay, then.
Really go through this one-way escape hatch?
The wraith closely misses you. A mysterious force pulls you upwards.
The hatch slams shut behind you.
It was a potion of lignification.
You turn into a tree.
Your +0 cloak melds into your body.
The -5 helmet "Roor" {+Inv Int+3} melds into your body.
Your +2 pair of gloves of archery melds into your body.
Your +2 pair of boots melds into your body.
Your +0 robe melds into your body.
Your aim is not that steady anymore.
Your roots penetrate the ground.
The wraith hits you!
* * * LOW HITPOINT WARNING * * *
The wraith hits you.
You die...

##.....# #.## ##.....
#.....#### ###.######.....
#........# ##..............
#......#.###...............
#.........#..............#.
########..#..............#.
##.#..............#.
#.W..............#.
#.♣..............#.
##########..................
#.......#####............##.
#.....).## ##.######.#...#.
#...))...### #..####........
#####))#...###..#.....#.####
##.###....#...#..##.# #
#.)####..........#.# # ##.#
#............# #


You could see a wraith.

Vanquished Creatures
  2 hippogriffs (D:9)
  Sigmund (D:4)
  4 yaks (D:9)
  Eustachio (D:5)
  A wyvern (D:8)
  A sky beast (D:7)
  A necrophage (D:6)
  3 ice beasts
  An ogre (D:8)
  2 centaurs
  2 gnoll sergeants
  6 bullfrogs
  A scorpion (D:9)
  15 wights
  2 hounds
  A centaur zombie (D:8)
  2 jellies
  5 orc priests
  9 orc wizards
  2 bullfrog skeletons
  An iguana (D:4)
  7 worker ants
  A killer bee zombie (D:6)
  A hound zombie (D:7)
  A hound skeleton (D:4)
  A worker ant zombie (D:8)
  15 gnolls
  10 adders
  8 white imps
  3 ufetubi
  An ooze (D:3)
  4 adder skeletons
  2 worms (D:3)
  2 dart slugs (D:1)
  5 leopard geckos
  34 orcs
  A ball python (D:6)
  9 giant cockroaches
  8 hobgoblins
  8 jackals
  4 quokkas
  15 bats
  5 frilled lizards
  7 goblins
  A jackal zombie (D:8)
  17 kobolds
  7 rats
240 creatures vanquished.

Vanquished Creatures (others)
  730 foxfires
  4 fungi
  A plant (D:7)
735 creatures vanquished.

Grand Total: 975 creatures vanquished

Notes
Turn   | Place    | Note
-------+----------+-------------------------------------------
     0 | D:1      | Apogee the Deep Elf Fire Elementalist began the quest for
                  | the Orb.
     0 | D:1      | Reached XP level 1. HP: 10/10 MP: 6/6
   283 | D:1      | Reached XP level 2. HP: 15/15 MP: 2/8
  1024 | D:1      | Reached XP level 3. HP: 18/19 MP: 3/10
  1851 | D:2      | Reached skill level 4 in Spellcasting
  2237 | D:2      | Found a shadowy altar of Dithmenos.
  2250 | D:2      | Reached XP level 4. HP: 24/24 MP: 2/12
  3401 | D:3      | Reached XP level 5. HP: 12/28 MP: 10/14
  3583 | D:3      | Learned a level 4 spell: Sticky Flame
  4012 | D:3      | Reached skill level 5 in Spellcasting
  4190 | D:4      | Reached skill level 5 in Fire Magic
  4190 | D:4      | Reached XP level 6. HP: 7/32 MP: 2/16
  4588 | D:4      | Noticed Sigmund
  4601 | D:4      | Killed Sigmund
  4601 | D:4      | Reached skill level 6 in Spellcasting
  5077 | D:4      | Reached XP level 7. HP: 36/36 MP: 9/18
  5197 | D:4      | Found a sparkling altar of Nemelex Xobeh.
  5513 | D:5      | Entered Level 5 of the Dungeon
  5978 | D:5      | Noticed Eustachio
  5984 | D:5      | Reached skill level 5 in Conjurations
  5993 | D:5      | Killed Eustachio
  5993 | D:5      | Reached skill level 7 in Spellcasting
  6783 | D:5      | Found Ydghyefil's Assorted Antiques.
  6786 | D:5      | Bought a faintly humming helmet for 171 gold pieces
  6786 | D:5      | Bought a white potion for 16 gold pieces
  6786 | D:5      | Bought a scroll labeled SOFING LAAMAS for 18 gold pieces
  6786 | D:5      | Bought a scroll labeled RIATIEN RITIMN for 18 gold pieces
  6796 | D:5      | Identified the cursed -5 helmet "Roor" {+Inv Int+3} (You
                  | bought it in a shop on level 5 of the Dungeon)
  6824 | D:6      | Reached skill level 1 in Evocations
  6842 | D:6      | Reached XP level 8. HP: 41/41 MP: 10/21
  6849 | D:6      | Learned a level 5 spell: Fireball
  7096 | D:6      | Reached skill level 8 in Spellcasting
  7663 | D:6      | Got a wavering marble ring
  7749 | D:6      | Learned a level 1 spell: Apportation
  7751 | D:6      | Learned a level 1 spell: Summon Small Mammal
  7809 | D:7      | Found a staircase to the Ecumenical Temple.
  7825 | Temple   | Entered the Ecumenical Temple
  7903 | Temple   | Became a worshipper of Vehumet
  8099 | D:7      | Found a shimmering altar of Xom.
  8161 | D:7      | Found a runed translucent gate.
  8161 | D:7      | Found a runed translucent gate.
  8161 | D:7      | Found a runed translucent gate.
  8163 | D:7      | Noticed a kobold demonologist
  8163 | D:7      | Noticed melvinkitnick's ghost (novice SpAE)
  8750 | D:7      | Found a sacrificial altar of Ru.
  9182 | D:7      | Reached XP level 9. HP: 45/45 MP: 16/23
  9888 | D:7      | Reached skill level 9 in Spellcasting
 10035 | D:8      | Reached skill level 1 in Fighting
 10288 | D:8      | Found a blossoming altar of Fedhas.
 10292 | D:8      | Found a stormy altar of Qazlal.
 10311 | D:8      | Reached * piety under Vehumet
 10311 | D:8      | Offered knowledge of Freeze by Vehumet.
 11078 | D:9      | Reached skill level 10 in Spellcasting
 11373 | D:9      | Found an opulent altar of Gozag.
 11468 | D:9      | Offered knowledge of Sandblast by Vehumet.
 11516 | D:9      | Reached ** piety under Vehumet
 11779 | D:9      | Reached XP level 10. HP: 38/56 MP: 10/26
 11999 | D:9      | Found a staircase to the Orcish Mines.
 12295 | D:8      | HP: 2/84 [wraith (8)]
 12295 | D:8      | Slain by a wraith

Illustrated notes

Levels and vault maps discovered:
D:1:      heliophobic_arrival_dark_side_of_the_moon, layout_basic,
          minmay_misc_feat_four_crosses, minmay_misc_feat_five,
          minmay_misc_feat_more_columns, minmay_misc_feat_plants, minmay_cupped
D:2:      layout_basic, grunt_dithmenos_smoke
D:3:      layout_basic
D:4:      layout_loops_ring, nemelex_xobeh_ov_fountains_minmay, uniq_sigmund
D:5:      layout_loops_ring, serial_shops, kennysheep_mini,
          minmay_misc_feat_columns, chequers_avenue, uniq_eustachio
D:6:      layout_basic, serial_curves, eino_curves_04, eino_curves_02
D:7:      layout_loops_corners, overflow_temple_1_default,
          nicolae_overflow_crystal_walls, minmay_temple_entry_junction,
          gammafunk_ghost_nasty_kobolds
D:8:      layout_rooms, grunt_temple_overflow_forces_of_nature
D:9:      layout_loops_corners, nicolae_gozag_cash_rules_everything_around_me,
          nicolae_overflow_hidden_temple
Temple:   eino_temple_water

Skill      XL: |  1  2  3  4  5  6  7  8  9 |
---------------+----------------------------+-----
Conjurations   | 2 3 4 5 7 8 |  8.7
Fire Magic     | 4 5 6 7 9 |  9.3
Spellcasting   | 4 5 6 7 8 10 | 10.6
Evocations     | 1 4 |  4.0
Fighting       | 3 |  3.6
Dodging        | |  2.4
Stealth        | |  2.4

Action                   |  1- 3 |  4- 6 |  7- 9 | 10-12 || total
-------------------------+-------+-------+-------+-------++-------
Melee: Short sword       |     2 |     9 |       |       ||    11
       Dagger            |       |    55 |   112 |     4 ||   171
Throw: Stone             |     1 |       |       |       ||     1
 Cast: Foxfire           |   127 |   142 |   221 |     6 ||   496
       Sticky Flame      |       |     1 |    34 |    11 ||    46
       Fireball          |       |       |    18 |     2 ||    20
Evoke: Wand              |       |       |       |     1 ||     1
  Use: Scroll            |       |       |     9 |       ||     9
       Potion            |       |       |       |     1 ||     1
 Stab: Sleeping          |       |     1 |     6 |       ||     7
       Distracted        |       |       |     1 |       ||     1
Armor: Robe              |     1 |    16 |    36 |     1 ||    54
Dodge: Dodged            |     7 |    63 |    84 |     8 ||   162

Table legend: (Time is in decaauts)
 A = Elapsed time spent in this place.
 B = Non-inter-level travel time spent in this place.
 C = Inter-level travel time spent in this place.
 D = Time resting spent in this place.
 E = Time spent auto-exploring this place.
 F = Levels seen in this place.
 G = Mean time per level.
                   A        B        C        D        E       F      G
               +--------+--------+--------+--------+--------+-----+--------+
         Total |  12299 |  12046 |    253 |   2743 |   7760 |  10 | 1229.9 |
       Dungeon |  12203 |  11966 |    237 |   2743 |   7690 |   9 | 1355.9 |
        Temple |     95 |     79 |     16 |      0 |     70 |   1 |   95.0 |
               +--------+--------+--------+--------+--------+-----+--------+

Top non-repeatable levels by time:
     D:7: 1771 daAuts
     D:1: 1706 daAuts
     D:3: 1459 daAuts
     D:5: 1303 daAuts
     D:6: 1281 daAuts
     D:2: 1229 daAuts
     D:8: 1172 daAuts
     D:9: 1162 daAuts
     D:4: 1117 daAuts
  Temple: 95 daAuts
